 Dungeon Crawl Stone Soup version 0.25.1-2-g60ff931df9 (webtiles) character file.

Game seed: 14575638117039421602

1374 DogServant the Ruffian (level 8, 0/74 HPs)
             Began as a Naga Transmuter on Nov 10, 2020.
             Was a Follower of Makhleb.
             Slain by a wyvern zombie (14 damage)
             ... on level 6 of the Dungeon.
             The game lasted 00:07:42 (6639 turns).

DogServant the Ruffian (Naga Transmuter)            Turns: 6639, Time: 00:07:42

Health: 0/74       AC:  2    Str: 14    XL:     8   Next: 66%
Magic:  10/11      EV: 19    Int: 13    God:    Makhleb [*.....]
Gold:   251        SH:  0    Dex: 18    Spells: 0/11 levels left

rFire    . . .     SeeInvis +     - Unarmed
rCold    + . .     Gourm    .   (shield currently unavailable)
rNeg     . . .     Faith    .   (armour currently unavailable)
rPois    x         Spirit   .   (helmet currently unavailable)
rElec    .         Reflect  .   (cloak currently unavailable)
rCorr    .         Harm     .   (gloves currently unavailable)
MR       +....                  (no barding)
Stlth    ++........             (no amulet)
HPRegen  0.22/turn              f - +4 ring of slaying
MPRegen  0.12/turn              l - ring of protection from cold

@: spider-form (expiring)
A: tiny, see invisible, slow metabolism 1, spit poison 1, AC +2
a: Spit Poison, End Transformation, Renounce Religion


You were on level 6 of the Dungeon.
You worshipped Makhleb.
Makhleb was aware of your devotion.
You were not hungry.
You were a venomous arachnid creature.
You visited 1 branch of the dungeon, and saw 6 of its levels.

You collected 251 gold pieces.

Inventory:

Missiles
 a - 115 arrows
Armour
 b - a +0 robe (melded)
 s - a +0 cloak (melded)
Jewellery
 f - a +4 ring of slaying (left front leg)
 l - a ring of protection from cold (right front leg)
 v - a +4 ring of evasion {unknown}
 x - a +6 ring of strength {unknown}
Scrolls
 c - a scroll of enchant armour {unknown}
 e - a scroll of fog {unknown}
 j - a scroll of noise
 k - a scroll of enchant weapon {unknown}
 m - 2 scrolls of amnesia {unknown}
 n - 2 scrolls of teleportation {unknown}
 p - 3 scrolls of remove curse {unknown}
 t - 5 scrolls of identify
 u - 3 scrolls of fear {unknown}
Potions
 g - 2 potions of brilliance {unknown}
 h - 2 potions of curing
 i - 2 potions of heal wounds {unknown}
 o - 2 potions of stabbing {unknown}
 q - 3 potions of degeneration {unknown}
 r - a potion of might {unknown}
 w - 2 potions of lignification {unknown}
 A - a potion of resistance {unknown}
Comestibles
 d - 8 rations
 z - a chunk of flesh


   Skills:
 + Level 5.1 Fighting
 - Level 1.5 Dodging
 + Level 6.9 Unarmed Combat
 - Level 2.0 Spellcasting
 + Level 6.4 Transmutations
 - Level 2.0 Poison Magic


You couldn't memorise any spells.
You knew the following spells:

 Your Spells              Type           Power        Failure   Level  Hunger
a - Beastly Appendage     Tmut           ###...       8%          1    ##.....
b - Sticks to Snakes      Tmut           ###.....     10%         2    ###....
c - Spider Form           Tmut/Pois      ##........   32%         3    ####...
d - Blade Hands           Tmut           ###.......   67%         5    ######.

Your spell library contained the following spells:

 Spells                   Type           Power        Failure   Level  Hunger
 Ice Form                 Ice/Tmut       #.......     77%         4    #####..


Dungeon Overview and Level Annotations

Branches:
Dungeon (6/15)
 Temple: D:4-7

Altars:
Dithmenos
Makhleb
Okawaru
Ru
Trog
Wu Jian
Zin


Innate Abilities, Weirdness & Mutations

You cannot wear boots.
((Your serpentine skin is tough. (AC +2)))
You have supernaturally acute eyesight. (SInv)
((Armour fits poorly on your strangely shaped body.))
((Your system is resistant to poisons. (rPois)))
((You cover ground very slowly.))
You have a slow metabolism.
You can spit poison.


Message History

The orc misses you. The wyvern zombie bites you!
* * * LOW HITPOINT WARNING * * *
You hit the orc.
The orc is poisoned.
The orc is severely wounded.
The wyvern zombie misses you. The orc hits you with a +0 flail.
* * * LOW HITPOINT WARNING * * *
You closely miss the orc.
The orc is severely wounded.
The wyvern zombie barely misses you. The orc misses you.
The wyvern zombie barely misses you.
You bite the orc!
You kill the orc!
Makhleb accepts your kill.
The wyvern zombie bites you but does no damage.
You hit the wyvern zombie but do no damage.
The wyvern zombie bites you but does no damage.
You hit the wyvern zombie.
The wyvern zombie is lightly damaged.
The wyvern zombie bites you!
You die...

#...................#
..##...............#
###.#..............<#
....................# #
.####................ #.
##................#
##.###.(......#........#
#...#.).................
#)..†s........#.......
.........)Z.....#.......###
..........>....#####.
#..............>#
..................
................##
##......#.........
###....##........


You could see a wyvern zombie.

Vanquished Creatures
  An orc warrior (D:6)
  A sky beast (D:5)
  2 phantoms (D:4)
  An ogre (D:3)
  A centaur (D:5)
  A bullfrog (D:6)
  A scorpion (D:5)
  3 crimson imps
  3 orc priests
  2 bullfrog skeletons (D:5)
  3 orc wizards
  4 iguanas
  4 worker ants
  A hound skeleton (D:5)
  2 worker ant zombies (D:5)
  4 gnolls (D:4)
  4 adders
  An ooze (D:1)
  2 adder skeletons (D:4)
  3 worms
  2 leopard geckos
  17 orcs
  A ball python (D:1)
  3 giant cockroaches
  6 goblins
  2 hobgoblins
  6 jackals
  8 kobolds
  2 quokkas
  7 bats
  A frilled lizard (D:1)
  3 rats (D:3)
102 creatures vanquished.

Notes
Turn   | Place    | Note
-------+----------+-------------------------------------------
     0 | D:1      | DogServant the Naga Transmuter began the quest for the Orb.
     0 | D:1      | Reached XP level 1. HP: 18/18 MP: 3/3
   436 | D:1      | Reached XP level 2. HP: 17/25 MP: 3/5
  1193 | D:2      | Reached XP level 3. HP: 29/31 MP: 6/6
  1331 | D:2      | Found a burning altar of Makhleb.
  1331 | D:2      | Found a sacrificial altar of Ru.
  1746 | D:2      | Found a glowing silver altar of Zin.
  1748 | D:2      | Found a bloodstained altar of Trog.
  1819 | D:3      | Reached XP level 4. HP: 15/38 MP: 7/7
  2230 | D:3      | Reached XP level 5. HP: 29/44 MP: 8/8
  2241 | D:3      | Found a sacrificial altar of Ru.
  2498 | D:3      | Found a faded altar of an unknown god.
  3090 | D:2      | Found an ornate altar of the Wu Jian Council.
  3101 | D:2      | Became a worshipper of Makhleb the Destroyer
  3122 | D:4      | Noticed an ogre
  3128 | D:3      | Learned a level 2 spell: Sticks to Snakes
  3132 | D:3      | Learned a level 3 spell: Spider Form
  3141 | D:3      | Killed an ogre
  3141 | D:3      | Reached skill level 1 in Poison Magic
  3143 | D:3      | Reached XP level 6. HP: 12/52 MP: 9/9
  3456 | D:4      | Noticed a phantom
  3477 | D:4      | Killed a phantom
  3477 | D:4      | Reached skill level 5 in Unarmed Combat
  3945 | D:4      | Noticed a phantom
  3976 | D:4      | Killed a phantom
  3976 | D:4      | Reached XP level 7. HP: 46/61 MP: 8/10
  4506 | D:5      | Entered Level 5 of the Dungeon
  4676 | D:5      | Reached skill level 5 in Transmutations
  5312 | D:5      | Found an iron altar of Okawaru.
  5397 | D:5      | Found a shadowy altar of Dithmenos.
  5493 | D:5      | Reached XP level 8. HP: 47/72 MP: 9/11
  5734 | D:5      | Reached * piety under Makhleb
  5741 | D:5      | Learned a level 5 spell: Blade Hands
  6632 | D:6      | Reached skill level 5 in Fighting
  6639 | D:6      | Slain by a wyvern zombie

Illustrated notes

Levels and vault maps discovered:
D:1:      dpeg_arrival_windows_large_door, layout_loops_ring,
          hangedman_decor_clover_reticule
D:2:      layout_loops_ring, nicolae_overflow_hidden_temple
D:3:      layout_basic, chequers_ecumenical_altar_simple_redux,
          nicolae_ru_awakened_eye
D:4:      layout_gridville, first_ration
D:5:      layout_cave_pods, nicolae_dithmenos_the_darkroom, basic_altar,
          kennysheep_diamond
D:6:      layout_cave_pools, kennysheep_mini_moat, serial_park

Skill      XL: |  1  2  3  4  5  6  7  8 |
---------------+-------------------------+-----
Transmutations | 3 4 5 6 |  6.4
Unarmed Combat | 4 5 6 |  6.9
Poison Magic   | 1 2 |  2.0
Fighting       | 2 4 5 |  5.1
Dodging        | |  1.5
Spellcasting   | |  2.0

Action                   |  1- 3 |  4- 6 |  7- 9 || total
-------------------------+-------+-------+-------++-------
Melee: Unarmed           |    55 |    92 |   162 ||   309
       Headbutt          |     4 |    18 |     5 ||    27
       Punch             |       |       |     5 ||     5
 Cast: Beastly Appendage |    11 |    14 |     9 ||    34
       Spider Form       |       |     3 |     6 ||     9
       Sticks to Snakes  |       |     1 |       ||     1
 Abil: Spit Poison       |     4 |     6 |       ||    10
  Use: Scroll            |     2 |     2 |       ||     4
       Potion            |       |     1 |       ||     1
 Stab: Sleeping          |     2 |       |       ||     2
  Eat: Chunk             |     2 |     3 |     5 ||    10
       Ration            |       |     1 |     1 ||     2
Armor: Robe              |    17 |    25 |    32 ||    74
       Skin              |       |       |     4 ||     4
Dodge: Dodged            |    43 |    50 |    93 ||   186
